Map: Ulrena

Players

Tom

  • Race: Zerg Zerg
  • League: Silver

pupu - Winner!

  • Race: Protoss Protoss
  • League: Silver

VOD

Have the link to the VOD?

Description

Time

  • Played on: April 2, 2016, 11:12 a.m.
  • Length: 10:25
Show
View Real Time Build Order
Export as new Build Order

Tom Zerg 

Build Orders: Hatch First 

Get SALT Encoding   

  12  0:01  Drone  
  13  0:13  Overlord  
  13  0:18  Drone  
  14  0:32  Drone x2  
  16  0:52  Hatchery  
  16  0:55  Drone  
  16  0:56  Drone  
  17  1:01  Extractor  
  16  1:08  Drone  
  17  1:18  Spawning Pool  
  16  1:28  Drone  
  16  1:29  Drone  
  18  1:34  Drone  
  19  1:50  Drone  
  20  1:59  Overlord  
  20  2:01  Drone  
  20  2:05  Drone  
  22  2:15  Drone x2  
  22  2:16  Queen  
  22  2:20  Queen  
  27  2:24  Drone  
  27  2:29  Drone  
  29  2:35  Metabolic Boost  
  29  2:43  Drone  
  29  2:44  Drone  
  31  2:48  Zergling x4  
  33  3:01  Drone x2  
  35  3:09  Zergling x2  
  35  3:10  Overlord  
  36  3:14  Roach Warren  
  36  3:18  Extractor  
  34  3:57  Drone x4  
  34  3:58  Drone x5  
  42  4:10  Queen  
  35  4:31  Drone  
  35  4:32  Drone x5  
  35  4:33  Overlord, Drone  
  41  4:44  Drone  
  41  4:45  Drone  
  43  4:50  Queen  
  44  4:54  Hatchery  
  44  4:56  Spore Crawler  
  40  5:05  Queen  
  41  5:19  Evolution Chamber  
  40  5:22  Evolution Chamber, Drone x3, Spore Crawler  
  40  5:23  Drone x4  
  40  5:24  Overlord, Drone x2  
  47  5:40  Drone x3  
  50  5:43  Extractor  
  49  5:51  Roach x2  
  53  6:00  Zerg Missile Weapons Level 1  
  53  6:01  Zerg Ground Armor Level 1  
  53  6:04  Lair  
  53  6:22  Extractor  
  53  6:24  Drone x4  
  53  6:25  Overlord, Drone x3  
  59  6:35  Roach  
  61  6:48  Roach x5  
  61  6:49  Roach  
  61  6:51  Overlord x2  
  68  7:44  Roach  
  68  7:45  Roach x10  
  68  7:47  Overlord x3  
  68  7:49  Glial Reconstitution  
  90  8:02  Overlord x3  
  90  8:22  Ravager x2  
  90  8:23  Ravager  
  90  8:26  Drone  
  90  8:27  Drone x7  
  99  8:28  Overlord  
  101  8:36  Extractor  
  75  9:02  Roach x6, Hydralisk Den  
  68  9:03  Roach x3  
  74  9:20  Roach  
  74  9:21  Roach x6  
  74  9:23  Overlord  
  88  9:25  Overlord  
  74  9:41  Roach  
  74  9:42  Roach x4  
  74  9:54  Roach x9  
  83  10:00  Hydralisk  
Show
View Real Time Build Order
Export as new Build Order

pupu Protoss - Winner!

Build Orders: Oracle Opening 

Get SALT Encoding   

  12  0:01  Probe (Chrono Boost)  
  13  0:12  Probe (Chrono Boost)  
  14  0:18  Pylon  
  14  0:22  Probe (Chrono Boost)  
  15  0:36  Probe (Chrono Boost)  
  15  0:38  Gateway  
  16  0:47  Probe (Chrono Boost)  
  17  0:51  Assimilator  
  17  0:55  Assimilator  
  17  0:57  Probe (Chrono Boost)  
  18  1:08  Probe (Chrono Boost)  
  20  1:18  Probe (Chrono Boost)  
  20  1:36  Cybernetics Core  
  20  1:38  Probe (Chrono Boost)  
  21  1:42  Pylon  
  21  1:44  Zealot (Chrono Boost)  
  23  2:16  Pylon  
  23  2:23  Stargate  
  23  2:26  Stalker (Chrono Boost)  
  23  2:28  Pylon  
  25  2:33  Gateway  
  25  2:35  Probe  
  26  2:37  Warp Gate (Chrono Boost)  
  26  2:47  Probe  
  27  3:00  Probe  
  28  3:06  Oracle (Chrono Boost)  
  28  3:12  Probe  
  32  3:27  Nexus  
  32  3:29  Probe  
  33  3:34  Adept  
  35  3:52  Oracle (Chrono Boost)  
  38  4:04  Probe  
  39  4:17  Probe  
  37  4:40  Adept  
  37  4:41  Adept  
  40  5:13  Probe  
  41  5:22  Void Ray (Chrono Boost)  
  41  5:25  Probe  
  46  5:30  Nexus  
  46  5:34  Pylon  
  46  5:36  Pylon  
  46  5:41  Pylon  
  46  5:52  Mothership Core  
  45  6:05  Gateway  
  45  6:06  Gateway  
  45  6:10  Gateway  
  45  6:13  Probe  
  46  6:20  Gateway  
  46  6:23  Gateway  
  46  6:24  Gateway  
  46  6:25  Probe  
  47  6:26  Twilight Council, Void Ray (Chrono Boost)  
  47  6:28  Adept  
  47  6:31  Adept  
  55  6:37  Probe  
  56  6:42  Probe  
  57  6:49  Probe, Adept  
  57  6:53  Probe, Gateway  
  61  7:01  Probe  
  61  7:03  Probe  
  59  7:40  Adept x2  
  59  7:41  Adept x2  
  61  7:53  Resonating Glaives (Chrono Boost)  
  61  7:56  Void Ray  
  65  8:02  Stalker x3  
  65  8:03  Stalker x4  
  79  8:14  Stalker x2  
  79  8:17  Probe  
  79  8:18  Probe  
  85  8:26  Assimilator  
  85  8:28  Assimilator  
  85  8:30  Probe  
  85  8:33  Pylon  
  86  8:35  Pylon  
  86  8:41  Pylon  
  86  8:44  Pylon  
  70  9:00  Stalker x3  
  70  9:01  Stalker  
  74  9:14  Stalker  
  74  9:15  Stalker  
  66  10:02  Stalker x3  
  66  10:03  Stalker x4  
Tags
 
Add a new tag
Caveats
  • Supply blocks, unpowered buildings, or Contaminate may cause inaccurate times.
  • Supply counts are checked every 10 seconds.